 Dungeon Crawl Stone Soup version 0.31-a0-219-g8d62b2e7bb (webtiles) character file.

Game seed: 5903436191580067083

411 qw the Shooter (level 6, -7/49 (51) HPs)
             Began as a Minotaur Hexslinger on July 3, 2023.
             Mangled by a wight
             ... wielding a +1 battleaxe
              (11 damage)
             ... on level 4 of the Dungeon.
             The game lasted 00:01:02 (3000 turns).

qw the Shooter (Minotaur Hexslinger)                Turns: 3000, Time: 00:01:02

HP:   -7/49 (51)    AC:  5    Str: 12    XL:     6   Next: 58%
MP:   6/6           EV: 11    Int: 10    God:
Gold: 273           SH:  5    Dex: 15    Spells: 6/7 levels left

rFire   . . .        e - +1 sling (heavy)
rCold   + . .        (no shield)
rNeg    . . .        h - +0 ring mail
rPois   .            (helmet restricted)
rElec   .            (no cloak)
rCorr   .            (no gloves)
SInv    .            (no boots)
Will    .....        m - amulet of reflection
Stlth   +            d - ring of protection from cold
HPRegen 0.28/turn    (no ring)
MPRegen 0.10/turn

%: reflection
@: lightly drained
A: horns 2, retaliatory headbutt
a: no special abilities


You were on level 4 of the Dungeon.
You visited 1 branch of the dungeon, and saw 6 of its levels.

You collected 507 gold pieces.
You spent 234 gold pieces at shops.


Innate Abilities, Weirdness & Mutations

You have a pair of horns on your head.
You reflexively headbutt those who attack you in melee.


   Skills:
 + Level 3.2 Fighting
 - Level 7.1 Ranged Weapons
 - Level 1.0 Armour
 - Level 2.1 Dodging
 - Level 1.0 Spellcasting
 - Level 2.0 Hexes


You had 6 spell levels left.
You knew the following spells:

 Your Spells              Type           Power      Damage    Failure   Level
a - Slow                  Hex            16%        N/A       34%         1

Your spell library contained the following spells:

 Spells                   Type           Power      Damage    Failure   Level
 Inner Flame              Hex/Fire       2%         N/A       83%         3
 Portal Projectile        Hex/Tloc       4%         N/A       83%         3
 Cause Fear               Hex            2%         N/A       98%         4

Inventory:

Hand Weapons
 e - a +1 heavy sling (weapon)
Armour
 h - a +0 ring mail (worn)
Jewellery
 d - a ring of protection from cold (left hand)
 m - an amulet of reflection (around neck)
Scrolls
 b - a scroll of enchant armour
 c - 2 scrolls of teleportation
 j - 2 scrolls of identify
 n - a scroll of brand weapon
Potions
 a - a potion of invisibility {unknown}
 f - a potion of enlightenment
 g - 4 potions of curing
 i - a potion of haste

Dungeon Overview and Level Annotations

Branches:
Dungeon (6/15)
 Temple: D:4-7

Altars:
Trog
Uskayaw
The Shining One

Shops:
D:5 ?


Message History

The wight is lightly damaged.
A wight comes into view. It is wielding a +5 mace.
You shoot a sling bullet.
The sling bullet hits the wight but does no damage.
The wight is lightly damaged.
The wight hits you with a +0 falchion. The endoplasm freezes you.
You are frozen.
You resist.
A wight comes into view. It is wielding a +1 battleaxe.
You block the wight's attack.
You shoot a sling bullet. The sling bullet hits the wight.
The wight is lightly damaged.
The wight barely misses you. You furiously retaliate!
You headbutt the wight. The endoplasm hits you. You block the wight's attack.
The wight hits you but does no damage. The endoplasm freezes you.
You are frozen.
You resist.
The wight hits you with a +5 short sword.
You feel drained.
You shoot a sling bullet. The sling bullet hits the wight!
The wight is almost destroyed.
The wight barely misses you. You furiously retaliate!
You headbutt the wight. The endoplasm freezes you.
You are frozen.
You resist. You block the wight's attack.
You shoot a sling bullet. The sling bullet hits the wight.
The wight is almost destroyed.
The wight hits you with a +0 falchion.
You feel drained.
The endoplasm hits you but does no damage.
The wight hits you with a +5 short sword.
The wight hits you with a +0 falchion!
The endoplasm hits you but does no damage.
You shoot a sling bullet.
The sling bullet closely misses the wight.
The wight hits you with a +0 falchion. The endoplasm closely misses you.
You block the wight's attack. x2
The wight hits you with a +5 short sword!
The wight barely misses you. You furiously retaliate!
You headbutt the wight. The endoplasm freezes you.
You are frozen.
You resist. The wight hits you with a +1 battleaxe!
You die...

##...# #.%#.# ## #.#>.#
.. .....# .# .
##.....## .# ... #...
#..##.##....
##..###)..zz..!...
##..##.....@zz)....
##.........#.J.#....
#...............#.....
...#...................
. #...................#
#...##..........##...#
..#####..........# ####
. .............#
####.........#...


You could see 4 wights and an endoplasm.

Vanquished Creatures
  Prince Ribbit (D:6)
  An orc priest (D:3)
  Robin (D:2)
  4 gnolls (D:6)
  3 adders
  An ufetubus (D:5)
  2 worms (D:2)
  4 dart slugs
  6 orcs (D:3)
  6 endoplasms
  2 giant cockroaches (D:1)
  14 goblins
  7 hobgoblins
  3 jackals (D:2)
  5 quokkas
  6 ball pythons
  4 bats (D:2)
  3 frilled lizards
  3 kobolds
  5 rats
81 creatures vanquished.

Notes
Turn   | Place    | Note
-------+----------+-------------------------------------------
     0 | D:1      | qw the Minotaur Hexslinger began the quest for the Orb.
     0 | D:1      | Reached XP level 1. HP: 16/16 MP: 1/1
     0 | D:1      | 0 ||| qw: Version: 0.3-a-40-ge99b1a8
     0 | D:1      | 0 ||| qw: Game counter: 350
     0 | D:1      | 0 ||| qw: Melee chars always use a shield: true
     0 | D:1      | 0 ||| qw: God list: Okawaru
     0 | D:1      | 0 ||| qw: Allow faded altars: false
     0 | D:1      | 0 ||| qw: Do Orc after clearing Dungeon:15 true
     0 | D:1      | 0 ||| qw: Do second Lair branch before Depths: true
     0 | D:1      | 0 ||| qw: Lair rune preference: random
     0 | D:1      | 0 ||| qw: Goals: Normal
     0 | D:1      | 0 ||| PLANNING D:1-11
   138 | D:1      | Reached skill level 3 in Ranged Weapons
   142 | D:1      | Reached XP level 2. HP: 23/23 MP: 2/2
   634 | D:1      | 634 ||| UPGRADING to ring of protection from cold.
   635 | D:1      | 635 ||| READING scroll labelled YFUITS JENIMN.
   635 | D:1      | Identified a scroll of acquirement
   635 | D:1      | 635 ||| ACQUIRING 343 gold pieces
   635 | D:1      | Acquired 343 gold pieces
   637 | D:1      | 637 ||| READING scroll labelled AGRUANYCUI.
   638 | D:1      | 638 ||| DROPPING scroll of poison.
   952 | D:2      | Noticed Robin
   963 | D:2      | Killed Robin
   964 | D:2      | Reached XP level 3. HP: 23/29 MP: 3/3
  1072 | D:2      | Reached skill level 4 in Ranged Weapons
  1348 | D:2      | Reached XP level 4. HP: 30/36 MP: 4/4
  1814 | D:2      | 1814 ||| DROPPING ring of magical power.
  1815 | D:2      | 1815 ||| READING scroll labelled XIRRUK PAICE.
  1816 | D:2      | 1816 ||| READING scroll labelled NIUHAQ FIHAUG.
  1817 | D:2      | 1817 ||| READING scroll labelled KONGOL ROCO.
  1818 | D:2      | 1818 ||| READING scroll labelled JUANOU CASAALL.
  1819 | D:2      | 1819 ||| DRINKING 3 sedimented yellow potions.
  1872 | D:3      | 1872 ||| STAIRDANCE
  1897 | D:3      | Found a faded altar of an unknown god.
  1899 | D:3      | Noticed a great orb of eyes
  1900 | D:3      | Noticed a floating eye
  1930 | D:3      | Found a bloodstained altar of Trog.
  2037 | D:3      | Noticed an eye of devastation
  2039 | D:3      | Noticed an eye of devastation
  2081 | D:3      | Reached skill level 5 in Ranged Weapons
  2083 | D:3      | Reached skill level 3 in Fighting
  2200 | D:3      | Found a glowing golden altar of the Shining One.
  2382 | D:3      | Reached XP level 5. HP: 40/45 MP: 5/5
  2425 | D:3      | Found a hide-covered altar of Uskayaw.
  2681 | D:3      | 2681 ||| UPGRADING to +0 leather armour.
  2691 | D:3      | 2691 ||| DROPPING +0 robe.
  2692 | D:3      | 2692 ||| UPGRADING to +0 ring mail.
  2702 | D:3      | 2702 ||| DROPPING +0 leather armour.
  2703 | D:3      | 2703 ||| UPGRADING to amulet of reflection.
  2708 | D:3      | 2708 ||| READING scroll labelled JESOFFYWNU.
  2709 | D:3      | 2709 ||| DRINKING 2 coppery potions.
  2710 | D:3      | 2710 ||| READING 3 scrolls of identify.
  2710 | D:3      | 2710 ||| IDENTIFYING fuming puce potion
  2711 | D:3      | 2711 ||| READING 2 scrolls of identify.
  2711 | D:3      | 2711 ||| IDENTIFYING smoky cyan potion
  2712 | D:3      | 2712 ||| DROPPING potion of magic.
  2771 | D:4      | You fall into a shaft and drop 2 floors!
  2806 | D:6      | Reached skill level 1 in Armour
  2809 | D:6      | Noticed Prince Ribbit
  2820 | D:6      | Killed Prince Ribbit
  2821 | D:6      | Reached skill level 7 in Ranged Weapons
  2821 | D:6      | Reached XP level 6. HP: 39/51 MP: 6/6
  2879 | D:5      | Entered Level 5 of the Dungeon
  2928 | D:5      | Found Zedd's Magic Scroll Boutique.
  2932 | D:5      | 2932 ||| BUYING scroll of enchant armour (90 gold).
  2932 | D:5      | Bought a scroll of enchant armour for 90 gold pieces
  2932 | D:5      | 2932 ||| BUYING scroll of identify (24 gold).
  2932 | D:5      | Bought a scroll of identify for 24 gold pieces
  2932 | D:5      | 2932 ||| BUYING scroll of identify (24 gold).
  2932 | D:5      | Bought a scroll of identify for 24 gold pieces
  2932 | D:5      | 2932 ||| BUYING scroll of identify (24 gold).
  2932 | D:5      | Bought a scroll of identify for 24 gold pieces
  2932 | D:5      | 2932 ||| BUYING scroll of teleportation (36 gold).
  2932 | D:5      | Bought a scroll of teleportation for 36 gold pieces
  2932 | D:5      | 2932 ||| BUYING scroll of teleportation (36 gold).
  2932 | D:5      | Bought a scroll of teleportation for 36 gold pieces
  2951 | D:5      | 2951 ||| READING 4 scrolls of identify.
  2951 | D:5      | 2951 ||| IDENTIFYING bubbling cyan potion
  2952 | D:5      | 2952 ||| READING 3 scrolls of identify.
  2952 | D:5      | 2952 ||| IDENTIFYING metallic green potion
  2953 | D:5      | 2953 ||| DROPPING potion of brilliance.
  2954 | D:5      | 2954 ||| DROPPING potion of lignification.
  3000 | D:4      | HP: 5/49 [wight/+5 short sword (9)]
  3000 | D:4      | Mangled by a wight

Levels and vault maps discovered:
D:1:      psy_arrival_conway, layout_loops_ring
D:2:      layout_basic, uniq_robin
D:3:      layout_loops_cross, nicolae_uskayaw_suspiria,
          mainiacjoe_overflow_alcove_4, old_standard_altar,
          hellmonk_ecumenical_altar_watching_god
D:4:      minmay_chambers_of_threes, layout_rooms, ebering_ghost_rock_garden
D:5:      old_forge, layout_loops_ring, nemelex_dance_club_becter,
          mainiacjoe_overflow_boulevard, temple_statues, serial_shops,
          nicolae_shop_pleasant_corner_grove
D:6:      layout_basic, uniq_sigmund, uniq_crazy_yiuf_cottage,
          uniq_prince_ribbit1

Skill      XL: |  1  2  3  4  5 |
---------------+----------------+-----
Ranged Weapons | 3 4 5 7 |  7.1
Fighting       | 2 3 |  3.2
Armour         | 1 |  1.0
Dodging        | |  2.1
Spellcasting   | |  1.0
Hexes          | |  2.0

Action                     |  1- 3 |  4- 6 || total
---------------------------+-------+-------++-------
   Fire: Sling             |   114 |   107 ||   221
    Use: Scroll            |     2 |     9 ||    11
         Potion            |       |     2 ||     2
 Armour: Robe              |     3 |     1 ||     4
         Ring mail         |       |     8 ||     8
  Dodge: Dodged            |    32 |    28 ||    60
  Block: Other             |       |    10 ||    10

Table legend:
 A = Non-vault XP
 B = Vault XP
 C = Vault XP percentage of total XP
 D = Non-vault monster count
 E = Vault monster count
 F = Vault count percentage of total count
                 A         B        C        D         E       F
            +---------+---------+-------+---------+---------+-------
      Total |     272 |     316 |  53.7 |      72 |       9 |  11.1
            +---------+---------+-------+---------+---------+-------
        D:1 |      22 |       0 |   0.0 |      14 |       0 |   0.0
        D:2 |      54 |      30 |  35.7 |      22 |       8 |  26.7
        D:3 |     105 |       0 |   0.0 |      24 |       0 |   0.0
        D:4 |      14 |       0 |   0.0 |       6 |       0 |   0.0
        D:5 |       8 |       0 |   0.0 |       1 |       0 |   0.0
        D:6 |      69 |     286 |  80.6 |       5 |       1 |  16.7
            +---------+---------+-------+---------+---------+-------
